 Dungeon Crawl Stone Soup version 0.29.1-1-gd02db6906a (webtiles) character file.

Game seed: 1650166763542098129

2380 xian the Cutter (level 9, -1/74 HPs)
             Began as a Purple Draconian Fighter on Sept 26, 2022.
             Was an Initiate of Dithmenos.
             Slain by a two-headed ogre
             ... wielding a +0 giant club
              (13 damage)
             ... on level 7 of the Dungeon.
             The game lasted 00:19:18 (6292 turns).

xian the Cutter (Purple Draconian Fighter)          Turns: 6292, Time: 00:19:18

Health: -1/74      AC:  8    Str: 27    XL:     9   Next: 22%
Magic:  5/5        EV: 13    Int:  9    God:    Dithmenos [......]
Gold:   395        SH:  4    Dex: 10    Spells: 16/16 levels left

rFire   . . .      SeeInvis .   j - +8 dagger "Wodeus" {antimagic, +Blink rC+}
rCold   + . .      Faith    .   b - +0 buckler
rNeg    . . .      Spirit   .   (body armour unavailable)
rPois   .          Reflect  .   (helmet restricted)
rElec   .          Harm     .   (no cloak)
rCorr   +          Rampage  .   c - +0 pair of gloves of the Mantidfly {Regen+ rCorr Str+4}
Will    +....                   (no boots)
Stlth   +++.......              (no amulet)
HPRegen 1.02/turn               (no ring)
MPRegen 0.09/turn               (no ring)

@: no status effects
A: breathe power, AC +7, unfitting armour, cold-blooded
a: Breathe Dispelling Energy, Renounce Religion, Evoke Blink


You were on level 7 of the Dungeon.
You worshipped Dithmenos.
Dithmenos was noncommittal.
You visited 2 branches of the dungeon, and saw 8 of its levels.
You also visited: Ossuary.

You collected 395 gold pieces.

Inventory:

Hand Weapons
 j - the +8 dagger "Wodeus" (weapon) {antimagic, +Blink rC+}
   (You found it on level 3 of the Dungeon)

   It reduces the magical energy of the wielder, and disrupts the spells and
   magical abilities of those it strikes.
   Natural abilities and divine invocations are not affected.
   rC:        It protects you from cold.
   +Blink:    It lets you blink.
Missiles
 q - 5 javelins (quivered)
 G - 13 poisoned darts
Armour
 b - a +0 buckler (worn)
 c - the +0 pair of gloves of the Mantidfly (worn) {Regen+ rCorr Str+4}
   (You found it on level 3 of the Dungeon)

   Str:       It affects your strength (+4).
   Regen:     It increases your rate of health regeneration.
   rCorr:     It protects you from acid and corrosion.
Magical Staves
 e - a staff of air
Wands
 w - a wand of mindburst (3)
 D - a wand of roots (20)
 F - a wand of acid (10)
Scrolls
 i - 3 scrolls of fog {unknown}
 l - 5 scrolls of teleportation {unknown}
 m - a scroll of immolation
 n - 3 scrolls of fear {unknown}
 s - 2 scrolls of vulnerability
 u - a scroll of enchant armour {unknown}
 v - 3 scrolls of enchant weapon {unknown}
 x - a scroll of brand weapon
 y - a scroll of identify
 z - a scroll of summoning {unknown}
 A - a scroll of noise {unknown}
 C - a scroll of amnesia {unknown}
 H - a scroll of blinking {unknown}
Potions
 a - a potion of cancellation
 f - a potion of haste
 g - a potion of resistance {unknown}
 h - 5 potions of heal wounds {unknown}
 k - a potion of invisibility {unknown}
 o - 3 potions of curing
 p - 2 potions of brilliance {unknown}
 r - a potion of ambrosia {unknown}
 t - a potion of magic {unknown}
 B - a potion of mutation {unknown}
 E - a potion of degeneration {unknown}


   Skills:
 + Level 5.5 Fighting
 + Level 6.1 Short Blades
 + Level 2.3 Axes
 + Level 6.0 Dodging
 * Level 5.4 Stealth
 + Level 4.6 Shields
 * Level 4.1 Spellcasting
 + Level 0.3 Evocations


You had 16 spell levels left.
You didn't know any spells.
Your spell library contained the following spells:

 Spells                   Type           Power      Damage    Failure   Level
 Necrotise                Necr           4%         1d4       34%         1
 Confusing Touch          Hex            1%         N/A       71%         3
 Tukima's Dance           Hex            1%         N/A       71%         3
 Vampiric Draining        Necr           1%         2d6       71%         3
 Passage of Golubria      Tloc           1%         N/A       98%         4
 Agony                    Necr           1%         N/A       100%        5
 Yara's Violent Unravell  Hex/Tmut       0%         3d3       100%        5
 Enfeeble                 Hex            0%         N/A       100%        7


Dungeon Overview and Level Annotations

Branches:
Dungeon (7/15)             Temple (1/1) D:6         Ossuary (visited)

Altars:
Cheibriados
Dithmenos
Elyvilon
Fedhas
Kikubaaqudgha
Nemelex Xobeh
Ru
Sif Muna
Trog
Uskayaw
Vehumet
Xom
Yredelemnul
Zin

Annotations:
D:4 3 runed translucent doors, 0gre's ghost, amateur GnIE


Innate Abilities, Weirdness & Mutations

You can breathe bolts of dispelling energy.
Your rich purple scales are hard. (AC +7)
You cannot fit into any form of body armour.
You are cold-blooded and may be slowed by cold attacks.


Message History

You see here a +0 dagger.
Items here: ( ))) †††.
Okay, then.
Okay, then.
You see here a +0 dagger.
Items here: ( ))) †††.
l - 5 scrolls labelled ZOCZENTYUVO (gained 1)
o - 3 potions of curing (gained 1)
A two-headed ogre comes into view. It is wielding two +0 giant clubs.
Found 16 gold pieces.
Found a sparkling altar of Nemelex Xobeh.
You see here a yellow potion.
Found a dagger.
The two-headed ogre shouts in stereo!
The two-headed ogre hits you with a +0 giant club!
You block the two-headed ogre's attack.
The two-headed ogre attacks as you move away!
The two-headed ogre hits you with a +0 giant club!!
The two-headed ogre barely misses you.
You see here a yellow potion.
You throw a curare-tipped dart.
The curare-tipped dart barely misses the two-headed ogre.
The two-headed ogre attacks as you move away!
The two-headed ogre closely misses you.
The two-headed ogre hits you with a +0 giant club!!
The two-headed ogre attacks as you move away!
You block the two-headed ogre's attack. The two-headed ogre closely misses you.
Unknown command.
You throw a curare-tipped dart.
The curare-tipped dart barely misses the two-headed ogre.
You throw a javelin.
The javelin pierces through the two-headed ogre.
The two-headed ogre is lightly wounded.
You block the two-headed ogre's attack. The two-headed ogre barely misses you.
You hit the two-headed ogre.
The two-headed ogre is lightly wounded.
The two-headed ogre hits you with a +0 giant club!!
* * * LOW HITPOINT WARNING * * *
The two-headed ogre hits you with a +0 giant club!
You die...

#. #. #. #. #.## ..... ..#
.# .##..#. # #.# .# ......
#. #@##.# ......
###.###O#..# #..#..
..........# ##..#..
..........## #..##..
............# #......
......$...#...# ##...#.#
..........###.## #......#
.........(##...####.))).#.
.........##.#.##...###.#.


You could see a two-headed ogre.

Vanquished Creatures
  A troll (D:4)
  A water moccasin (D:5)
  3 black bears
  An orc warrior (D:6)
  An ogre (D:6)
  2 phantoms
  2 kobold brigands (D:7)
  2 elf zombies (Ossuary)
  A scorpion (D:4)
  A bullfrog (D:6)
  3 necrophages
  2 centaur zombies (Ossuary)
  A crimson imp (D:6)
  An orc priest (D:6)
  3 hounds (D:4)
  2 human zombies (Ossuary)
  3 jellies
  2 gnoll boudas
  3 iguanas (D:5)
  3 orc wizards
  3 mummies (Ossuary)
  9 adders
  3 gnolls (D:6)
  A shadow imp (D:5)
  A white imp (D:6)
  4 ufetubi
  An adder zombie (Ossuary)
  4 worms
  5 dart slugs
  15 orcs
  7 endoplasms
  5 giant cockroaches
  6 goblins
  4 hobgoblins
  2 jackals (D:3)
  3 quokkas
  6 ball pythons
  4 bats
  5 frilled lizards
  5 goblin zombies (Ossuary)
  2 hobgoblin zombies (Ossuary)
  3 jackal zombies (Ossuary)
  15 kobolds
  3 kobold zombies (Ossuary)
  An orc zombie (Ossuary)
  6 quokka zombies (Ossuary)
  8 rats
  5 rat zombies (Ossuary)
174 creatures vanquished.

Notes
Turn   | Place    | Note
-------+----------+-------------------------------------------
     0 | D:1      | xian the Draconian Fighter began the quest for the Orb.
     0 | D:1      | Reached XP level 1. HP: 19/19 MP: 1/1
    93 | D:1      | Found a faded altar of an unknown god.
   249 | D:1      | Reached XP level 2. HP: 26/26 MP: 2/2
   718 | D:1      | Reached XP level 3. HP: 25/33 MP: 3/3
  1953 | D:2      | Reached skill level 1 in Short Blades
  2224 | D:3      | Reached XP level 4. HP: 13/40 MP: 4/4
  2539 | D:3      | HP: 1/40 [orc/+0 trident (6)]
  2570 | D:3      | Identified the +0 pair of gloves of the Mantidfly {Regen+
                  | rCorr Str+4}
  2578 | D:3      | Identified the +8 dagger "Wodeus" {antimagic, +Blink rC+}
  3343 | D:4      | Found a sand-covered staircase.
  3349 | Ossuary  | Entered an ossuary
  3365 | Ossuary  | Reached skill level 1 in Stealth
  3425 | Ossuary  | Reached XP level 5. HP: 46/46 MP: 1/5
  3596 | Ossuary  | Reached XP level 6. HP: 52/52 MP: 2/6
  3790 | D:4      | Your scales start taking on a rich purple colour.
  3790 | D:4      | Reached XP level 7. HP: 58/60 MP: 2/7
  3996 | D:4      | Reached skill level 1 in Spellcasting
  4012 | D:4      | Found a runed translucent gate.
  4012 | D:4      | Found a runed translucent gate.
  4012 | D:4      | Found a runed translucent gate.
  4014 | D:4      | Noticed 0gre's ghost (amateur GnIE)
  4375 | D:5      | Entered Level 5 of the Dungeon
  4726 | D:5      | Reached XP level 8. HP: 67/67 MP: 3/11
  4735 | D:5      | Reached skill level 5 in Short Blades
  4792 | D:5      | Noticed a troll
  4827 | D:4      | Killed a troll
  4828 | D:4      | Reached skill level 5 in Fighting
  4828 | D:4      | Reached skill level 5 in Dodging
  5314 | D:6      | Reached skill level 5 in Stealth
  5519 | D:6      | Reached XP level 9. HP: 74/74 MP: 4/14
  5919 | D:6      | Found a staircase to the Ecumenical Temple.
  5930 | Temple   | Entered the Ecumenical Temple
  6044 | Temple   | Became a worshipper of Dithmenos the Shadowed
  6270 | D:7      | Found a sparkling altar of Nemelex Xobeh.
  6270 | D:7      | Noticed a two-headed ogre
  6292 | D:7      | Slain by a two-headed ogre

Illustrated notes

Levels and vault maps discovered:
D:1:      scummos_arrival_simple_fountains, layout_loops_ring,
          hellmonk_ecumenical_altar_leap_of_faith
D:2:      layout_basic, uniq_robin
D:3:      layout_loops_ring
D:4:      layout_basic, gammafunk_ghost_split, serial_curves, eino_curves_03,
          eino_curves_03, eino_curves_03, enter_ossuary_2
D:5:      cheibrodos_barr_body, layout_basic
D:6:      layout_loops_ring, temple_hall, minmay_fire_ice_demons
D:7:      layout_rooms, mainiacjoe_overflow_cross_hatched, uniq_duvessa
Temple:   nicolae_temple_slightly_damp_pantheon

Skill      XL: |  1  2  3  4  5  6  7  8  9 |
---------------+----------------------------+-----
Dodging        | 3 4 5 6 |  6.0
Fighting       | 4 5 |  5.5
Short Blades   | 1 2 4 5 6 |  6.1
Stealth        | 1 2 3 5 |  5.4
Spellcasting   | 2 3 4 |  4.1
Shields        | 4 |  4.6
Axes           | |  2.3
Evocations     | |  0.3

Action                   |  1- 3 |  4- 6 |  7- 9 || total
-------------------------+-------+-------+-------++-------
Melee: War axe           |    21 |       |       ||    21
       Tailslap          |    25 |    22 |    24 ||    71
       Dagger            |   210 |   205 |   260 ||   675
Throw: Dart              |       |       |     2 ||     2
       Javelin           |       |       |     1 ||     1
 Abil: Breathe Dispellin |       |       |    12 ||    12
Evoke: Wand              |       |       |     2 ||     2
  Use: Scroll            |     1 |     4 |     1 ||     6
       Potion            |       |     2 |     2 ||     4
 Stab: Sleeping          |     1 |     1 |     9 ||    11
Armor: Skin              |    63 |    76 |    93 ||   232
Dodge: Dodged            |   161 |   108 |   141 ||   410
Block: Buckler           |    40 |    46 |    40 ||   126
